 Dungeon Crawl Stone Soup version 0.30.1-3-gfc49f6343a (webtiles) character file.

Game seed: 772104940350052871

1761 Mune the Trooper (level 8, -1/100 HPs)
             Began as a Demonspawn Berserker on Aug 9, 2023.
             Was a Believer of Trog.
             Slain by a killer bee (7 damage)
             ... on level 6 of the Dungeon.
             The game lasted 00:11:10 (5009 turns).

Mune the Trooper (Demonspawn Berserker)             Turns: 5009, Time: 00:11:11

Health: -1/100     AC: 16    Str: 20    XL:     8   Next: 79%
Magic:  8/8        EV:  8    Int:  8    God:    Trog [**....]
Gold:   251        SH:  5    Dex: 13    Spells: 7/7 levels left

rFire   . . .        m - +0 club
rCold   + . .        n - +0 buckler
rNeg    + . .        f - +2 chain mail {rC+}
rPois   .            (helmet restricted)
rElec   .            y - +0 cloak
rCorr   .            k - +0 pair of gloves
SInv    .            (no boots)
Will    ++...        a - amulet of regeneration Stlth
                     B - ring of positive energy
HPRegen 2.16/turn    (no ring)
MPRegen 0.22/turn

%: no passive effects
@: berserking (expiring), lethally poisoned (-1 -> -3), strong-willed
(expiring), regenerating (expiring), very quick
A: horns 1, yellow scales 1, magic regeneration, demonic magic 1
a: Renounce Religion, Berserk, Trog's Hand


You were on level 6 of the Dungeon.
You worshipped Trog.
Trog was pleased with you.
You visited 1 branch of the dungeon, and saw 7 of its levels.

You collected 323 gold pieces.
You spent 72 gold pieces at shops.

Inventory:

Hand Weapons
 m - a +0 club (weapon)
Missiles
 h - 2 throwing nets (quivered)
Armour
 f - a +2 chain mail of cold resistance (worn)
 k - a +0 pair of gloves (worn)
 n - a +0 buckler (worn)
 y - a +0 cloak (worn)
Jewellery
 a - an amulet of regeneration (around neck)
 B - a ring of positive energy (left hand)
 D - an amulet of regeneration
Wands
 c - a wand of paralysis (7)
Scrolls
 e - 3 scrolls of noise
 g - a scroll of poison
 i - 2 scrolls of immolation
 j - 5 scrolls of teleportation
 q - a scroll of fog {unknown}
 r - a scroll of amnesia {unknown}
 s - a scroll of summoning {unknown}
 t - 3 scrolls of blinking {unknown}
 u - 2 scrolls of identify
 w - a scroll of fear {unknown}
 C - a scroll of enchant armour {unknown}
Potions
 b - a potion of degeneration
 d - 2 potions of attraction {unknown}
 l - a potion of invisibility
 o - a potion of brilliance {unknown}
 p - 2 potions of flight {unknown}
 v - 2 potions of curing {unknown}
 x - 3 potions of lignification {unknown}
 z - 2 potions of haste
 A - a potion of heal wounds {unknown}


   Skills:
 * Level 7.2 Fighting
 - Level 2.9(3.9) Axes
 + Level 3.8(4.3) Maces & Flails
 * Level 6.2 Armour
 - Level 2.1 Dodging
 + Level 3.6 Shields


You had 7 spell levels left.
You didn't know any spells.
Your spell library was empty.

Dungeon Overview and Level Annotations

Branches:
Dungeon (7/15)             Temple (0/1) D:5

Altars:
Kikubaaqudgha
Ru

Shops:
D:3 ?   D:4 =   D:5 *


Innate Abilities, Weirdness & Mutations

You have a pair of small horns on your head.
You are partially covered in yellow scales. (AC +2)
You regenerate magic rapidly.
Spells you cast may paralyse adjacent enemies.


Message History

The killer bee stings you but does no damage. x2
You block the killer bee's attack. The killer bee stings you.
* * * LOW HITPOINT WARNING * * *
The killer bee barely misses you.
You sock the killer bee!
The killer bee is severely wounded.
You feel sick. You block the killer bee's attack.
The killer bee stings you but does no damage.
The killer bee stings you.
* * * LOW HITPOINT WARNING * * *
You are more poisoned.
The killer bee poisons you!
You sock the killer bee!
You kill the killer bee!
Trog accepts your kill.
You feel sick.
The killer bee stings you but does no damage.
You miss the killer bee. Your headbutt misses the killer bee.
You feel sick. You block the killer bee's attack.
The killer bee stings you but does no damage.
The killer bee barely misses you. The killer bee stings you.
* * * LOW HITPOINT WARNING * * *
The killer bee stings you.
* * * LOW HITPOINT WARNING * * *
The killer bee barely misses you.
You closely miss the killer bee.
You feel the effects of Trog's Hand fading.
You feel sick.
The killer bee stings you but does no damage.
You block the killer bee's attack. The killer bee stings you.
* * * LOW HITPOINT WARNING * * *
You are more poisoned.
The killer bee poisons you!
You barely miss the killer bee.
You feel very sick.
The killer bee stings you but does no damage.
The killer bee barely misses you.
The killer bee stings you but does no damage. x2
The killer bee stings you!
You die...

#.#####≈≈§§§§≈#........# #
#.##..#§§§≈≈≈≈###.####.#
#.##.##≈§≈⌠≈≈≈###.# #.#
#.#...#≈≈§.≈≈≈#...# #.#
#.....#§§§.≈≈§#...# #.#
#.#..###≈§.≈§###### #.#
#.#....###'###########.###
#.#.##..#yy...............
#.......y@#.#####.####...#
####...####.# #.####...#
#.### #.# #......... #.#
#.# #.##....<. #.#
#.#####.##...... #.#
#............... #.#
##########..#.#. #.#
#........ #.#######
#.#.#..#.


You could see 3 killer bees.

Vanquished Creatures
  A water moccasin (D:6)
  An ice beast (D:5)
  3 black bears (D:5)
  A centaur (D:5)
  4 ogres
  A phantom (D:4)
  A scorpion (D:5)
  A killer bee (D:6)
  3 howler monkeys
  A jelly (D:6)
  4 hounds
  An orc priest (D:4)
  A scorpion zombie (D:3)
  4 iguanas
  An orc wizard (D:5)
  Terence (D:2)
  3 gnolls (D:4)
  7 adders
  3 white imps (D:6)
  An adder skeleton (D:3)
  3 worms (D:2)
  6 dart slugs
  8 orcs
  5 endoplasms
  6 giant cockroaches
  5 hobgoblins
  9 jackals
  13 kobolds
  4 quokkas
  5 ball pythons
  7 bats
  5 frilled lizards
  9 goblins
  A jackal zombie (D:3)
  3 quokka skeletons (D:3)
  9 rats
141 creatures vanquished.

Vanquished Creatures (others)
  A human (D:6)
1 creature vanquished.

Grand Total: 142 creatures vanquished

Notes
Turn   | Place    | Note
-------+----------+-------------------------------------------
     0 | D:1      | Mune the Demonspawn Berserker began the quest for the Orb.
     0 | D:1      | Reached XP level 1. HP: 18/18 MP: 1/1
   196 | D:1      | Gained mutation: You have a pair of small horns on your
                  | head. [demonic ancestry]
   196 | D:1      | Reached XP level 2. HP: 24/24 MP: 2/2
   424 | D:1      | Reached ** piety under Trog
   568 | D:1      | Gained mutation: Spells you cast may paralyse adjacent
                  | enemies. [demonic ancestry]
   568 | D:1      | Reached XP level 3. HP: 25/29 MP: 3/3
   970 | D:2      | Found a faded altar of an unknown god.
  1176 | D:2      | Noticed Terence
  1186 | D:2      | Killed Terence
  1187 | D:2      | Reached XP level 4. HP: 37/37 MP: 4/4
  1280 | D:2      | Reached skill level 1 in Maces & Flails
  1530 | D:2      | Reached skill level 4 in Fighting
  1742 | D:3      | Found Ron Ysus's Magic Scroll Emporium.
  1747 | D:3      | Bought a scroll of identify for 24 gold pieces
  1747 | D:3      | Bought a scroll of identify for 24 gold pieces
  1747 | D:3      | Bought a scroll of identify for 24 gold pieces
  1879 | D:3      | Gained mutation: You are partially covered in yellow
                  | scales. (AC +2) [demonic ancestry]
  1879 | D:3      | Reached XP level 5. HP: 42/42 MP: 5/5
  2184 | D:3      | Found a sacrificial altar of Ru.
  2510 | D:4      | Reached skill level 1 in Shields
  2542 | D:4      | Reached *** piety under Trog
  2557 | D:4      | Noticed a phantom
  2582 | D:4      | Killed a phantom
  2583 | D:4      | Gained mutation: You regenerate magic rapidly. [demonic
                  | ancestry]
  2583 | D:4      | Reached XP level 6. HP: 49/49 MP: 6/6
  2983 | D:4      | Found Wutut's Jewellery Shop.
  3293 | D:5      | Entered Level 5 of the Dungeon
  3293 | D:5      | Found Det Puyraa's General Store.
  3307 | D:5      | Reached skill level 5 in Fighting
  3335 | D:5      | Reached XP level 7. HP: 55/56 MP: 7/7
  3517 | D:5      | Reached skill level 6 in Fighting
  3517 | D:5      | Reached skill level 5 in Armour
  3559 | D:5      | Reached XP level 8. HP: 42/64 MP: 8/8
  3728 | D:5      | Found a staircase to the Ecumenical Temple.
  4288 | D:6      | Reached skill level 7 in Fighting
  4622 | D:6      | Found an ancient bone altar of Kikubaaqudgha.
  5009 | D:6      | Slain by a killer bee

Illustrated notes

Levels and vault maps discovered:
D:1:      lightli_arrival_statue_moat, layout_loops_ring
D:2:      layout_basic, ebering_ecumenical_altar_ruins, minmay_strange_pillars,
          uniq_terence
D:3:      layout_loops_ring, nicolae_ru_awakened_eye,
          mainiacjoe_overflow_catwalk, serial_shops, shop_fountains,
          serial_undead, serial_undead_e, serial_undead_d, serial_undead_e,
          serial_undead_d, minmay_door_square
D:4:      layout_gridville, serial_shops, nicolae_shop_waterfront
D:5:      layout_rooms, minmay_temple_entry_glass, serial_shops,
          nicolae_stop_n_shop_1
D:6:      layout_loops_cross, tgw_kikubaaqudgha, chequers_serial_rivers_large_b,
          minmay_tree_intersection, kennysheep_flooded_box, glass_columns_a,
          grunt_decor_one_mirror, hangedman_abyss_or_decor_passed
D:7:      layout_rooms, vehumet_altar_wand_db, mainiacjoe_overflow_chevrons

Skill      XL: |  1  2  3  4  5  6  7  8 |
---------------+-------------------------+-----
Dodging        | 2 |  2.1
Armour         | 2 3 4 5 6 |  6.2
Maces & Flails | 1 2 3 |  3.8
Fighting       | 4 5 6 7 |  7.2
Shields        | 1 2 3 |  3.6
Axes           | |  2.9

Action                     |  1- 3 |  4- 6 |  7- 9 || total
---------------------------+-------+-------+-------++-------
  Melee: Hand axe          |    92 |     9 |       ||   101
         Headbutt          |     5 |    44 |    57 ||   106
         Club              |       |   253 |   269 ||   522
 Invoke: Berserk           |     3 |     4 |     7 ||    14
         Trog's Hand       |     1 |     4 |     6 ||    11
    Use: Scroll            |       |     6 |       ||     6
         Potion            |       |       |     2 ||     2
   Stab: Invisible         |       |       |     2 ||     2
 Armour: Chain mail        |    43 |   226 |   203 ||   472
         Animal skin       |     1 |       |       ||     1
  Dodge: Dodged            |    37 |   130 |   112 ||   279
  Block: Buckler           |       |    54 |    78 ||   132
